 Dungeon Crawl Stone Soup version 0.31-a0-441-g867994ef1c (webtiles) character file.

Game seed: 11776722781748570659

4295 LeprechaunX the Grappler (level 10, -9/84 HPs)
             Began as an Octopode Shapeshifter on Aug 2, 2023.
             Was a Follower of Hepliaklqana.
             Mangled by a troll (10 damage)
             ... on level 9 of the Dungeon.
             The game lasted 00:14:06 (8605 turns).

LeprechaunX the Grappler (Octopode Shapeshifter)    Turns: 8605, Time: 00:14:07

Health: -9/84      AC: 25    Str: 17    XL:     10   Next: 32%
Magic:  0/23       EV:  2    Int: 10    God:    Hepliaklqana [*.....]
Gold:   407        SH:  0    Dex: 15    Spells: 9/9 levels left

rFire   . .          .
                       - Unarmed
rCold   . . .        (no shield)
rNeg    . . .        (helmet currently unavailable)
rPois   +            A - amulet of guardian spirit
rElec   .            n - ring of willpower
rCorr   .            D - ring of magical power
SInv    .            (no ring)
Will    +....        (no ring)
Stlth   +            (no ring)
HPRegen 0.34/turn    (no ring)
MPRegen 0.18/turn    (no ring)
                     (no ring)

%: guardian spirit
@: tree-form
A: stationary, stasis, torment immunity, boosted hp, reduced essence, almost no
armour, (amphibious), 8 rings, (camouflage 1), (gelatinous body 1), (nimble
swimmer 1), (tentacles)
a: Renounce Religion, Recall Ancestor, Ancestor Identity


You were on level 9 of the Dungeon.
You worshipped Hepliaklqana.
Hepliaklqana was aware of your devotion.
You were a tree.
You visited 2 branches of the dungeon, and saw 10 of its levels.

You collected 497 gold pieces.
You spent 90 gold pieces at shops.

Inventory:

Hand Weapons
 a - a +0 shortbow
Missiles
 F - 2 curare-tipped darts
 G - 16 poisoned darts
Jewellery
 n - a ring of willpower (left branch)
 A - an amulet of guardian spirit (around neck)
 D - a ring of magical power (right branch)
Talismans
 b - a beast talisman
Wands
 x - a wand of iceblast (11)
 C - a wand of charming (13)
Scrolls
 c - 2 scrolls of vulnerability {unknown}
 d - a scroll of noise {unknown}
 f - 3 scrolls of identify {unknown}
 g - 3 scrolls of revelation {unknown}
 i - a scroll of blinking {unknown}
 k - 4 scrolls of teleportation {unknown}
 o - a scroll of immolation {unknown}
 r - a scroll of enchant armour {unknown}
 t - a scroll of fear {unknown}
 u - a scroll of torment {unknown}
 w - a scroll of amnesia {unknown}
 y - a scroll of silence {unknown}
 H - a scroll of enchant weapon {unknown}
Potions
 e - 3 potions of heal wounds
 h - 2 potions of attraction {unknown}
 j - 4 potions of curing {unknown}
 m - 2 potions of degeneration {unknown}
 q - a potion of haste {unknown}
 s - a potion of invisibility {unknown}
 v - a potion of enlightenment {unknown}
 z - a potion of might {unknown}
 B - 2 potions of mutation {unknown}
 E - 3 potions of ambrosia {unknown}


   Skills:
 - Level 4.0 Fighting
 - Level 4.0 Dodging
 + Level 9.3 Unarmed Combat
 + Level 6.4 Invocations
 + Level 7.9 Shapeshifting


You had 9 spell levels left.
You didn't know any spells.
Your spell library contained the following spells:

 Spells                   Type           Power      Damage    Failure   Level
 Magic Dart               Conj           0%         1d3       36%         1
 Slow                     Hex            0%         N/A       36%         1
 Call Imp                 Summ           0%         N/A       50%         2
 Confusing Touch          Hex            0%         N/A       75%         3
 Gell's Gravitas          Tloc           0%         N/A       75%         3
 Mephitic Cloud           Conj/Pois/Air  0%         N/A       75%         3
 Teleport Other           Tloc           0%         N/A       75%         3
 Vampiric Draining        Necr           0%         2d6       75%         3
 Vhi's Electric Charge    Tloc/Air       0%         N/A       75%         3
 Anguish                  Hex/Necr       0%         N/A       98%         4
 Cause Fear               Hex            0%         N/A       98%         4
 Arcjolt                  Conj/Air       0%         1d10      100%        5
 Dispersal                Tloc           0%         N/A       100%        6
 Plasma Beam              Fire/Air       0%         2x1d10    100%        6
 Enfeeble                 Hex            0%         N/A       100%        7


Dungeon Overview and Level Annotations

Branches:
Dungeon (9/15)             Temple (1/1) D:6            Lair (0/5) D:8
    Orc: D:9-12

Altars:
Ashenzari
Cheibriados
Dithmenos
Elyvilon
Fedhas
Gozag
Hepliaklqana
Kikubaaqudgha
Makhleb
Nemelex Xobeh
Okawaru
Qazlal
Ru
Sif Muna
Trog
Uskayaw
Vehumet
Wu Jian
Xom
Yredelemnul
Zin
The Shining One

Shops:
D:2 !!   D:4 (   D:5 (   D:7 *

Annotations:
D:3 1 runed translucent door, Crazy Yiuf


Innate Abilities, Weirdness & Mutations

You are a tree.
Your roots penetrate the ground, keeping you stationary.
You cannot be teleported.
You are immune to unholy pain and torment.
Your maximum health is greatly increased.
Your life essence is reduced to manifest your ancestor. (-10% HP)
You cannot wear most types of armour.
((You are amphibious.))
You can wear up to eight rings at the same time.
((Your skin changes colour to match your surroundings (Stealth+).))
((Your rubbery body absorbs attacks. (AC +1, EV +1)))
((You are camouflaged when in or above water. (Stealth+)))
((You have tentacles for arms and can constrict up to eight enemies at once.))


Message History

The troll bites you!! The troll closely misses you. x2
The kobold closely misses you. The kobold barely misses you.
The kobold brigand misses you.
Unknown command.
You tentacle-slap the kobold brigand. You grab the kobold brigand.
The kobold brigand is lightly wounded.
You constrict the kobold brigand. The troll bites you!
The troll barely misses you. x2; The kobold misses you.
The kobold hits you with a +0 dagger.
The kobold brigand hits you with a +0 whip.
You tentacle-slap the kobold brigand. You tentacle-slap the kobold brigand!
The kobold brigand is severely wounded.
You constrict the kobold brigand. The troll barely misses you.
The troll claws you! x2
* * * LOW HITPOINT WARNING * * *
The kobold hits you with a +0 short sword.
* * * LOW HITPOINT WARNING * * *
The kobold misses you. The kobold brigand barely misses you.
Really quaff the potion of lignification?
Your transformation has ended.
You turn into a tree.
Your roots penetrate the ground.
You lose your grip on the kobold brigand.
The troll bites you.
* * * LOW HITPOINT WARNING * * *
The troll completely misses you. The troll claws you.
* * * LOW HITPOINT WARNING * * *
The kobold hits you but does no damage. The kobold barely misses you.
The kobold brigand hits you but does no damage.
You pummel the kobold brigand!!
You kill the kobold brigand!
The troll bites you but does no damage.
The troll claws you but does no damage. x2
The kobold hits you but does no damage. x2
Your life force feels restored.
Unknown command.
You hit the troll.
The troll is lightly wounded.
The troll bites you!
* * * LOW HITPOINT WARNING * * *
The troll claws you!
You die...

.........# #.
#####'#### #. #.#
########### ##. #.#
#.........# #.. #.#
#.........# ########+#
##.# #.........#
#......... #..#
#.........# #.........
#.## #...K.....#
+......... #.#
#...T♣)...+ #.........
#.# #...K.....#
#......... #.#
#....)....# #.........
#.# #######'###
#######'## #.# #.#
#..# #.# #####'###
#####'# #.# #......>#
#...... #.#
###.......# #......
####'#######.'.......#
#......


You could see a troll and 2 kobolds.

Vanquished Creatures
  Maggie (D:7)
  Grinder (D:5)
  Menkaure (D:5)
  3 wargs (D:8)
  4 water moccasins
  Duvessa (D:6)
  2 orc warriors
  2 ogres
  2 sky beasts (D:7)
  A black bear (D:5)
  3 centaurs
  A phantom (D:6)
  5 kobold brigands
  2 bullfrogs (D:8)
  A scorpion (D:4)
  9 wights
  Dowan (D:6)
  A howler monkey (D:9)
  2 hounds
  An orc priest (D:8)
  Ijyb (D:5)
  A sleepcap (D:5)
  2 iguanas
  8 orc wizards
  9 adders
  4 gnolls
  3 worms
  3 dart slugs
  20 orcs
  6 ball pythons
  6 bats
  5 endoplasms
  2 giant cockroaches
  8 goblins
  6 hobgoblins
  2 quokkas
  4 frilled lizards (D:1)
  21 kobolds
  6 rats
161 creatures vanquished.

Vanquished Creatures (collateral kills)
  A centaur (D:8)
  A gnoll sergeant (D:8)
  A wight (D:8)
  An orc (D:8)
4 creatures vanquished.

Vanquished Creatures (others)
  4 ancestors
4 creatures vanquished.

Grand Total: 169 creatures vanquished

Notes
Turn   | Place    | Note
-------+----------+-------------------------------------------
     0 | D:1      | LeprechaunX the Octopode Shapeshifter began the quest for
                  | the Orb.
     0 | D:1      | Reached XP level 1. HP: 13/13 MP: 1/1
    55 | D:1      | Reached XP level 2. HP: 18/18 MP: 2/2
   463 | D:1      | Reached XP level 3. HP: 21/23 MP: 3/3
   896 | D:2      | Found Liecuk's Distillery.
  1068 | D:2      | Found Fuam's Distillery.
  1328 | D:2      | Reached XP level 4. HP: 29/29 MP: 4/4
  2422 | D:3      | Found a runed translucent door.
  2423 | D:3      | Noticed Crazy Yiuf
  2727 | D:4      | Noticed a scorpion
  2736 | D:4      | Killed a scorpion
  2737 | D:4      | Reached XP level 5. HP: 31/35 MP: 5/5
  2956 | D:4      | Found Neug Hapt's Antique Weapon Shoppe.
  3086 | D:5      | Entered Level 5 of the Dungeon
  3086 | D:5      | Noticed a centaur
  3093 | D:5      | Killed a centaur
  3094 | D:5      | Reached skill level 4 in Unarmed Combat
  3094 | D:5      | Reached XP level 6. HP: 28/41 MP: 6/6
  3176 | D:5      | Noticed Menkaure
  3181 | D:5      | Killed Menkaure
  3305 | D:5      | Noticed a black bear
  3312 | D:5      | Killed a black bear
  3313 | D:5      | Reached XP level 7. HP: 46/46 MP: 7/7
  3341 | D:5      | Found Cieqocw's Antique Weapon Emporium.
  3952 | D:5      | Noticed Ijyb
  3973 | D:5      | Killed Ijyb
  4091 | D:5      | Reached skill level 5 in Unarmed Combat
  4586 | D:5      | Reached skill level 5 in Shapeshifting
  4646 | D:5      | Reached XP level 8. HP: 43/54 MP: 8/8
  4704 | D:5      | Noticed Grinder
  4710 | D:5      | Paralysed by Grinder for 5 turns
  4735 | D:5      | Killed Grinder
  4736 | D:5      | Reached skill level 6 in Unarmed Combat
  4996 | D:6      | Noticed Duvessa
  4996 | D:6      | Noticed Dowan
  5007 | D:6      | Killed Duvessa
  5014 | D:6      | Killed Dowan
  5212 | D:6      | Found a staircase to the Ecumenical Temple.
  5292 | Temple   | Entered the Ecumenical Temple
  5305 | Temple   | Became a worshipper of Hepliaklqana the Forgotten
  5481 | D:6      | Found a sparkling altar of Nemelex Xobeh.
  5637 | D:7      | Found Kidejoxi's Assorted Antiques.
  5663 | D:7      | Bought a thin steel amulet for 90 gold pieces
  5697 | D:6      | Reached skill level 7 in Unarmed Combat
  5697 | D:6      | Reached skill level 1 in Invocations
  6072 | D:7      | Noticed Maggie
  6112 | D:7      | Reached XP level 9. HP: 8/58 MP: 3/10
  6697 | D:7      | Identified the +5 rapier "Buiw" {heavy, Fly Int+4}
  6708 | D:7      | Reached * piety under Hepliaklqana
  6809 | D:7      | Killed Maggie
  6810 | D:7      | Reached skill level 8 in Unarmed Combat
  7330 | D:8      | Reached skill level 5 in Invocations
  7398 | D:8      | Found a staircase to the Lair.
  7495 | D:8      | Reached XP level 10. HP: 23/56 MP: 13/14
  7552 | D:8      | Reached skill level 9 in Unarmed Combat
  8605 | D:9      | HP: 1/84 [troll (10)]
  8605 | D:9      | Mangled by a troll

Illustrated notes

Levels and vault maps discovered:
D:1:      co_arrival_random_square_maze, layout_basic
D:2:      layout_basic, serial_shops, nicolae_shop_statue_plus, shop
D:3:      layout_loops_ring, minmay_unequal, uniq_crazy_yiuf_cottage
D:4:      layout_loops_cross, serial_shops, shop
D:5:      layout_loops_corners, serial_shops, shop, uniq_grinder, uniq_menkaure,
          uniq_ijyb
D:6:      dreamdust_elfheim, layout_basic, nemelex_diamond_rough_becter,
          minmay_temple_entry_mist, ebering_dispersal_statue_hall
D:7:      layout_cave_pools, serial_shops, shop, uniq_maggie
D:8:      nicolae_cairo_tiling, layout_basic, erik_lair_orcish_takeover,
          minmay_joined_circles
D:9:      layout_roguey, kennysheep_minor_cross, chequers_serial_rivers_micro_e
Temple:   nicolae_temple_the_god_donut

Skill      XL: |  1  2  3  4  5  6  7  8  9 10 |
---------------+-------------------------------+-----
Fighting       | 2 3 4 |  4.0
Dodging        | 3 4 |  4.0
Unarmed Combat | 4 5 7 8 9 |  9.3
Shapeshifting  | 4 5 6 7 |  7.9
Invocations    | 2 5 6 |  6.4

Action                     |  1- 3 |  4- 6 |  7- 9 | 10-12 || total
---------------------------+-------+-------+-------+-------++-------
  Melee: Unarmed           |    64 |    82 |   194 |    54 ||   394
         Tentacles         |    12 |    12 |    49 |    13 ||    86
         Constrict         |    17 |    19 |    42 |    14 ||    92
         Punch             |       |     1 |     7 |     5 ||    13
   Fire: Shortbow          |       |     2 |    28 |     3 ||    33
  Throw: Dart              |       |       |     8 |       ||     8
         Throwing net      |       |       |     1 |     2 ||     3
 Invoke: Recall Ancestor   |       |       |       |     1 ||     1
    Use: Potion            |       |       |     3 |     1 ||     4
   Stab: Sleeping          |     3 |    10 |     5 |       ||    18
         Distracted        |     1 |     1 |       |       ||     2
         Held in net/web   |       |       |       |     1 ||     1
 Armour: Skin              |     8 |     3 |    16 |     8 ||    35
  Dodge: Dodged            |    68 |    42 |    85 |    43 ||   238

Table legend: (Time is in decaauts)
 A = Elapsed time spent in this place.
 B = Non-inter-level travel time spent in this place.
 C = Inter-level travel time spent in this place.
 D = Time resting spent in this place.
 E = Time spent auto-exploring this place.
 F = Levels seen in this place.
 G = Mean time per level.
                   A        B        C        D        E       F      G
               +--------+--------+--------+--------+--------+-----+--------+
         Total |   8570 |   8282 |    288 |   1581 |   5312 |  10 |  857.0 |
       Dungeon |   8543 |   8279 |    264 |   1581 |   5312 |   9 |  949.2 |
        Temple |     26 |      2 |     24 |      0 |      0 |   1 |   26.0 |
               +--------+--------+--------+--------+--------+-----+--------+

Top non-repeatable levels by time:
     D:5: 1566 daAuts
     D:7: 1319 daAuts
     D:6: 901 daAuts
     D:1: 880 daAuts
     D:4: 826 daAuts
     D:9: 816 daAuts
     D:3: 792 daAuts
     D:2: 785 daAuts
     D:8: 656 daAuts
  Temple: 26 daAuts
